 Dungeon Sprint DCSS version 0.30.1-11-g7821555f0a (webtiles) character file.

Game seed: 2277223133270463336

12315 Groucho the Earth Mage (level 11, -1/55 HPs)
             Began as a Spriggan Enchanter on Dec 21, 2023.
             Was a High Priest of Dithmenos.
             Killed from afar by an electric eel (12 damage)
             ... with a bolt of electricity
             ... in the Dungeon (Sprint II: "The Violet Keep of Menkaure").
             The game lasted 00:18:34 (2432 turns).

Groucho the Earth Mage (Spriggan Enchanter)         Turns: 2432, Time: 00:18:34

Health: -1/55      AC:  4    Str: 10    XL:     11   Next: 60%
Magic:  27/28      EV: 20    Int: 20    God:    Dithmenos [*****.]
Gold:   50         SH:  0    Dex: 22    Spells: 9/34 levels left

rFire   + . .        j - +5 dagger of the Thing {flame, Fragile Fly rN++ Dex+2}
rCold   . . .        (no shield)
rNeg    + + .        x - +0 troll leather armour
rPois   .            (helmet restricted)
rElec   .            (no cloak)
rCorr   .            (gloves unavailable)
SInv    +            (boots unavailable)
Will    +....        t - amulet of magic regeneration
Stlth   ++++++++++   n - ring of Vehumet, Fortifying {rF+ Str+6 Dex+3}
HPRegen 1.09/turn    (no ring)
MPRegen 0.61/turn

%: no teleportation
@: flying, wreathed by umbra, very quick
A: very small, no large weapons, unfitting armour, see invisible, speed 3
a: Renounce Religion, Shadow Step, Shadow Form


You were in the Dungeon.
You worshipped Dithmenos.
Dithmenos was extremely pleased with you.
You visited 1 branch You collected 1875 gold pieces.
You spent 1825 gold pieces at shops.

Inventory:

Hand Weapons
 a - a +1 dagger
 j - the +5 dagger of the Thing (weapon) {flame, Fragile Fly rN++ Dex+2}
   (You bought it in a shop in the Dungeon)

   Dex:       It affects your dexterity (+2).
   rN:        It greatly protects you from negative energy.
   Fly:       It grants you flight.
   Fragile:   It will be destroyed if unequipped.
Armour
 b - a +0 robe
 x - a +0 troll leather armour (worn)
 y - a +0 buckler
Magical Staves
 v - a staff of conjuration
Jewellery
 h - a ring of flight
 i - a ring of fire
 n - the ring of Vehumet, Fortifying (left hand) {rF+ Str+6 Dex+3}
   (You bought it in a shop in the Dungeon)

   [ring of strength]

   Str:       It affects your strength (+6).
   Dex:       It affects your dexterity (+3).
   rF:        It protects you from fire.
 t - an amulet of magic regeneration (around neck)
Scrolls
 d - 4 scrolls of fog {unknown}
 f - 5 scrolls of identify
 o - a scroll of butterflies {unknown}
 p - a scroll of torment {unknown}
 q - 3 scrolls of enchant armour {unknown}
 r - a scroll of fear {unknown}
 s - 2 scrolls of immolation {unknown}
Potions
 c - a potion of ambrosia {unknown}
 e - 2 potions of heal wounds
 g - 6 potions of magic
 k - a potion of curing
 l - a potion of degeneration {unknown}
 m - 3 potions of resistance {unknown}
 u - a potion of brilliance {unknown}
 w - 3 potions of flight {unknown}
 z - a potion of berserk rage


   Skills:
 - Level 5.0 Fighting
 - Level 10.0 Short Blades
 - Level 5.0 Armour
 - Level 5.0 Dodging
 - Level 15.0 Stealth
 + Level 0.4 Shields
 - Level 12.0 Spellcasting
 + Level 1.0 Conjurations
 - Level 14.0 Hexes
 + Level 1.1 Transmutations
 + Level 0.5 Fire Magic
 + Level 0.5 Ice Magic
 - Level 18.0 Earth Magic


You had 9 spell levels left.
You knew the following spells:

 Your Spells              Type           Power      Damage    Failure   Level
a - Ensorcelled Hibernat  Hex/Ice        82%        N/A       1%          2
b - Confusing Touch       Hex            61%        N/A       1%          3
c - Dazzling Flash        Conj/Hex       84%        N/A       1%          3
d - Lee's Rapid Deconstr  Erth           35%        3d18*     1%          5
e - Statue Form           Tmut/Erth      33%        N/A       22%         6
f - Starburst             Conj/Fire      7%         6d4       100%        6

Your spell library contained the following spells:

 Spells                   Type           Power      Damage    Failure   Level
 Tukima's Dance           Hex            61%        N/A       1%          3
 Leda's Liquefaction      Hex/Erth       33%        N/A       1%          4
 Sting                    Tmut/Pois      56%        1d5       6%          1
 Poisonous Vapours        Pois/Air       24%        N/A       11%         2
 Silence                  Hex/Air        20%        N/A       12%         5
 Volatile Blastmotes      Fire/Tloc      26%        2d12      21%         3
 Iskenderun's Mystic Bla  Conj/Tloc      14%        2d5       52%         4
 Olgreb's Toxic Radiance  Pois           12%        N/A       58%         4
 Agony                    Necr           12%        N/A       90%         5


Dungeon Overview and Level Annotations

Branches:
Dungeon (1/1)

Altars:
Cheibriados
Dithmenos
Elyvilon
Fedhas
Gozag
Hepliaklqana
Kikubaaqudgha
Makhleb
Nemelex Xobeh
Okawaru
Qazlal
Ru
Sif Muna
Trog
Uskayaw
Vehumet
Wu Jian
Xom
Yredelemnul
Zin
The Shining One
Jiyva
Lugonu

Shops:
D ((:=[?!!=[*![::

Annotations:
D exclusion: oklob plant


Innate Abilities, Weirdness & Mutations

You are very small and have problems with some larger weapons.
You are too small for most types of armour.
You have supernaturally acute eyesight. (SInv)
You cover ground extremely quickly. (Speed+++)


Message History

Your Conjurations skill increases to level 1!
Your Transmutations skill increases to level 1!
Unknown command.
Unknown command.
The helpless electric eel fails to defend itself.
You perforate the electric eel like a sieve!!!!!
You burn the electric eel.
You kill the electric eel!
Dithmenos accepts your kill.
You hear a splash.
Unknown command.
Unknown command.
Casting: Ensorcelled Hibernation (safe; 1% risk of failure)
Confirm with . or Enter, or press ? or * to list all spells.
Aiming: Ensorcelled Hibernation (safe; 1% risk of failure)
Press: ? - help, Shift-Dir - straight line, f - electric eel
Aim: an electric eel (water, umbra, chance to affect: 74%)
The electric eel looks drowsy...
Your shadow mimicks your spell!
The electric eel is unaffected.
The electric eel shoots out a bolt of lightning at you!
The bolt of electricity hits you!
Casting: Ensorcelled Hibernation (safe; 1% risk of failure)
Confirm with . or Enter, or press ? or * to list all spells.
Casting: Dazzling Flash (safe; 1% risk of failure)
Press: ? - help, Dir - look around, f - activate
Okay, then.
The electric eel shoots out a bolt of lightning at you!
The bolt of electricity hits the electric eel.
The electric eel completely resists.
The bolt of electricity hits you. The bolt of electricity hits you!
The electric eel shoots out a bolt of lightning at you!
The bolt of electricity hits you!
There is an open gate here.
The electric eel shoots out a bolt of lightning at you!
The bolt of electricity hits you!
* * * LOW HITPOINT WARNING * * *
The electric eel shoots out a bolt of lightning at you!
The bolt of electricity hits you!
You die...

##.∩.∩.∩..#~##.###'###.##..#[.'.
##..∩.∩...#~#...##.####.#..#..#.
##...⌠....'~'.##'.<.'.##'..####.
##........#~#...##.##...#....###
#▓▓▓▓▓▓▓###~##.###'###.##.§....~
##(.H######~~####...####~~.....~
#?sH#J ##~~~#..##.#~~~~~~~..~
#∩P?+. #'#~#### ##~§§~~~§~.~
#[$.#[# #†#~@##+##~~§§≈§§§§~~
####~§~~~~~~§~§§§§§~~
#''§#+++#~≈≈≈≈≈§≈~
##SS§S§S§##§≈≈###≈§
#≈§§§§§§§≈##≈≈#)#≈≈
+≈≈≈≈§S§S§§S+≈§#+#§≈
##≈§§§§§§§§##≈≈≈≈≈≈≈
##≈≈≈§≈§§##########
####+####....°..##


You could see 6 electric eels.

Vanquished Creatures
  A deep elf master archer (D)
  A kraken (D)
  2 sphinxes (D)
  A great orb of eyes (D)
  A crystal guardian (D)
  2 hell hogs (D)
  2 deep trolls (D)
  2 death drakes (D)
  An ice statue (D)
  A yaktaur (D)
  3 polar bears (D)
  A hornet (D)
  2 wyverns (D)
  A vampire mosquito (D)
  4 neqoxecs (D)
  Menkaure (D)
  4 water moccasins (D)
  2 swamp drakes (D)
  4 necrophages (D)
  4 scorpions (D)
  2 electric eels (D)
  3 worms (D)
  A tentacle (D)
46 creatures vanquished.

Vanquished Creatures (others)
  35 tentacles (D)
35 creatures vanquished.

Grand Total: 81 creatures vanquished

Notes
Turn   | Place    | Note
-------+----------+-------------------------------------------
     0 | D        | Groucho the Spriggan Enchanter began the quest for the Orb.
     0 | D        | Reached XP level 1. HP: 9/9 MP: 5/5
     3 | D        | Noticed a scorpion
     3 | D        | Noticed a scorpion
     3 | D        | Noticed a scorpion
     3 | D        | Noticed a scorpion
    10 | D        | Killed a scorpion
    11 | D        | Reached skill level 5 in Hexes
    11 | D        | Reached XP level 2. HP: 15/15 MP: 6/8
    11 | D        | Reached XP level 3. HP: 18/18 MP: 6/9
    17 | D        | Killed a scorpion
    18 | D        | Reached skill level 5 in Dodging
    18 | D        | Reached skill level 5 in Spellcasting
    18 | D        | Reached XP level 4. HP: 19/25 MP: 7/12
    20 | D        | Killed a scorpion
    21 | D        | Reached skill level 5 in Short Blades
    21 | D        | Reached skill level 10 in Stealth
    21 | D        | Reached XP level 5. HP: 21/30 MP: 7/13
    28 | D        | Reached skill level 5 in Fighting
    59 | D        | Noticed a neqoxec
    59 | D        | Noticed a neqoxec
    59 | D        | Noticed a neqoxec
    59 | D        | Noticed a neqoxec
    61 | D        | Killed a neqoxec
    62 | D        | Reached skill level 15 in Stealth
    62 | D        | Reached XP level 6. HP: 26/35 MP: 12/14
    63 | D        | Killed a neqoxec
    65 | D        | Killed a neqoxec
    66 | D        | Reached XP level 7. HP: 30/39 MP: 12/15
    68 | D        | Killed a neqoxec
    89 | D        | Reached skill level 10 in Hexes
    94 | D        | Reached skill level 10 in Short Blades
   100 | D        | Learned a level 2 spell: Ensorcelled Hibernation
   104 | D        | Learned a level 3 spell: Confusing Touch
   108 | D        | Learned a level 3 spell: Dazzling Flash
   108 | D        | Found Onoxka's Jewellery Emporium.
   108 | D        | Found Reoraosa's Assorted Antiques.
   108 | D        | Found Ofeqyelo's Antique Armour Emporium.
   108 | D        | Found Molir's Antique Armour Shoppe.
   109 | D        | Found Sachist's Distillery.
   109 | D        | Found Sacypah's Book Emporium.
   109 | D        | Found Noiqex Riu's Distillery.
   109 | D        | Found Muudwimp's Book Shoppe.
   110 | D        | Found Simei's Distillery.
   110 | D        | Found Yhuepyer's Magic Scroll Emporium.
   110 | D        | Noticed Menkaure
   110 | D        | Noticed a manticore
   122 | D        | Killed Menkaure
   123 | D        | Reached XP level 8. HP: 43/43 MP: 12/16
   124 | D        | Found Nuotilo's Antique Armour Emporium.
   124 | D        | Found Otoaschu's Jewellery Shoppe.
   124 | D        | Noticed a manticore
   124 | D        | Noticed a manticore
   124 | D        | Noticed an oklob plant
   127 | D        | Found Fiequc's Antique Weapon Shoppe.
   127 | D        | Found Kaimalomp's Book Shoppe.
   127 | D        | Found Waajot's Antique Weapon Emporium.
   171 | D        | Noticed a slime creature
   171 | D        | Noticed a slime creature
   183 | D        | Bought a scroll of identify for 24 gold pieces
   211 | D        | Bought a book of the Earth for 504 gold pieces
   218 | D        | Bought a ring of flight for 245 gold pieces
   220 | D        | Bought a transparent dagger for 147 gold pieces
   220 | D        | Identified the +5 dagger of the Thing {flame, Fragile Fly
                  | rN++ Dex+2} (You bought it in a shop in the Dungeon)
   256 | D        | Found a snail-covered altar of Cheibriados.
   257 | D        | Found a shadowy altar of Dithmenos.
   257 | D        | Found a viscous altar of Jiyva.
   258 | D        | Found a white marble altar of Elyvilon.
   258 | D        | Found an ancient bone altar of Kikubaaqudgha.
   259 | D        | Found a blossoming altar of Fedhas.
   259 | D        | Found a corrupted altar of Lugonu.
   259 | D        | Found a shimmering blue altar of Sif Muna.
   260 | D        | Found an opulent altar of Gozag.
   260 | D        | Found a burning altar of Makhleb.
   260 | D        | Found a bloodstained altar of Trog.
   261 | D        | Found a sparkling altar of Nemelex Xobeh.
   261 | D        | Found a hide-covered altar of Uskayaw.
   262 | D        | Found a basalt altar of Yredelemnul.
   263 | D        | Found an iron altar of Okawaru.
   263 | D        | Found a radiant altar of Vehumet.
   263 | D        | Found a glowing silver altar of Zin.
   263 | D        | Found a hazy altar of Hepliaklqana.
   263 | D        | Found a sacrificial altar of Ru.
   263 | D        | Found a shimmering altar of Xom.
   264 | D        | Found a stormy altar of Qazlal.
   264 | D        | Found an ornate altar of the Wu Jian Council.
   264 | D        | Found a glowing golden altar of the Shining One.
   268 | D        | Became a worshipper of Dithmenos the Shadowed
   275 | D        | Learned a level 5 spell: Lee's Rapid Deconstruction
   285 | D        | Noticed a great orb of eyes
   287 | D        | Killed a great orb of eyes
   288 | D        | Reached skill level 5 in Earth Magic
   295 | D        | Noticed a hell hog
   296 | D        | Noticed a hell hog
   297 | D        | Killed a hell hog
   298 | D        | Reached skill level 8 in Earth Magic
   298 | D        | Reached XP level 9. HP: 47/47 MP: 17/17
   299 | D        | Killed a hell hog
   299 | D        | Reached * piety under Dithmenos
   300 | D        | Reached skill level 10 in Earth Magic
   311 | D        | Noticed a deep elf master archer
   316 | D        | Killed a deep elf master archer
   317 | D        | Reached skill level 13 in Earth Magic
   317 | D        | Reached XP level 10. HP: 51/51 MP: 18/18
   325 | D        | Reached ** piety under Dithmenos
   352 | D        | Noticed a kraken
   515 | D        | Reached skill level 14 in Earth Magic
   518 | D        | Reached *** piety under Dithmenos
   521 | D        | Reached skill level 15 in Earth Magic
   536 | D        | Noticed an ice statue
   567 | D        | Noticed a death drake
   632 | D        | Noticed a crystal guardian
   633 | D        | Noticed a death drake
   636 | D        | Killed a death drake
   649 | D        | Killed a crystal guardian
   649 | D        | Reached **** piety under Dithmenos
   650 | D        | Reached skill level 16 in Earth Magic
   902 | D        | Killed a death drake
   903 | D        | Reached skill level 17 in Earth Magic
  1610 | D        | Noticed a deep troll
  1611 | D        | Noticed a deep troll
  1613 | D        | Killed a deep troll
  1613 | D        | Reached ***** piety under Dithmenos
  1614 | D        | Reached XP level 11. HP: 55/55 MP: 20/24
  1614 | D        | Killed a deep troll
  1659 | D        | Noticed a sphinx
  1660 | D        | Noticed a sphinx
  1662 | D        | Killed a sphinx
  1663 | D        | Killed a sphinx
  1707 | D        | Reached skill level 5 in Armour
  2012 | D        | Killed a kraken
  2013 | D        | Reached skill level 18 in Earth Magic
  2197 | D        | Learned a level 6 spell: Statue Form
  2204 | D        | Learned a level 6 spell: Starburst
  2399 | D        | Bought the ring of Vehumet, Fortifying {rF+ Str+6 Dex+3}
                  | for 788 gold pieces
  2401 | D        | Bought a buckler for 117 gold pieces
  2425 | D        | Reached skill level 1 in Conjurations
  2425 | D        | Reached skill level 1 in Transmutations
  2432 | D        | Killed from afar by an electric eel

Illustrated notes

Levels and vault maps discovered:
D:        the_violet_keep_of_menkaure [sprint2_stairs_cluster_1,
          sprint2_shoproom, sprint2_temple, sprint2_basic_supplies,
          sprint2_obstacle_7, sprint2_obstacle_2, sprint2_obstacle_5,
          sprint2_obstacle_6, sprint2_obstacle_3, sprint2_timed_cluster_1,
          sprint2_smallroom_cluster_1, sprint2_smallroom_final_cluster_1,
          sprint2_transparent_cluster_1, sprint2_second_timed_cluster_1,
          sprint2_sniper_area_1, sprint2_heavy_combat_area_1,
          sprint2_mutation_trap_area_1, sprint2_forest_area_1,
          sprint2_light_combat_area_1, sprint2_behind_water_1,
          sprint2_near_end_vault_1]

Skill      XL: |  1  2  3  4  5  6  7  8  9 10 11 |
---------------+----------------------------------+-----
Fighting       | 2 3 4 5 |  5.0
Short Blades   | 3 4 5 8 10 | 10.0
Dodging        | 4 5 |  5.0
Stealth        | 6 8 10 15 | 15.0
Spellcasting   | 4 5 8 12 | 12.0
Hexes          | 5 8 11 14 | 14.0
Earth Magic    | 8 13 17 18 | 18.0
Armour         | 5 |  5.0
Conjurations   | 1 |  1.0
Transmutations | 1 |  1.1
Shields        | |  0.4
Fire Magic     | |  0.5
Ice Magic      | |  0.5

Action                     |  1- 3 |  4- 6 |  7- 9 | 10-12 || total
---------------------------+-------+-------+-------+-------++-------
  Melee: Dagger            |    13 |    14 |    13 |    22 ||    62
   Cast: Confusing Touch   |       |       |     1 |       ||     1
         Ensorcelled Hiber |       |       |     1 |    17 ||    18
         Lee's Rapid Decon |       |       |       |    27 ||    27
 Invoke: Shadow Step       |       |       |       |     1 ||     1
    Use: Potion            |     1 |     2 |     1 |     2 ||     6
         Scroll            |       |       |       |     2 ||     2
   Stab: Sleeping          |       |     5 |    11 |    22 ||    38
         Confused          |       |       |     1 |       ||     1
 Armour: Troll leather arm |       |       |       |     1 ||     1
  Dodge: Dodged            |     6 |     3 |       |    13 ||    22
